 Dungeon Crawl Stone Soup version 0.19-a0-1732-g0b18a7b (webtiles) character file.

237 4thArraOfDagon the Slasher (level 5, -5/47 HPs)
             Began as a Minotaur Monk on Sept 30, 2016.
             Was a Believer of Okawaru.
             Slain by Menkaure (14 damage)
             ... on level 7 of the Dungeon.
             The game lasted 00:03:35 (557 turns).

4thArraOfDagon the Slasher (Minotaur Monk)           Turns: 557, Time: 00:03:35

Health: -5/47      AC:  6    Str: 14 (16) XL:     5   Next: 77%
Magic:  2/4        EV: 15    Int:  6 (7)  God:    Okawaru [**....]
Gold:   84         SH:  0    Dex: 11 (13) Spells: 0 memorised, 4 levels left

rFire  . . .     SeeInvis .     a - +1 falchion
rCold  . . .     Gourm    .     j - +0 ring mail
rNeg   . . .     Faith    .     (no shield)
rPois  .         Spirit   .     (helmet restricted)
rElec  .         Dismiss  .     (no cloak)
rCorr  .         Reflect  .     (no gloves)
MR     .....     Harm     .     (no boots)
Stlth  ++........               (no amulet)
                                (no ring)
                                (no ring)

@: heroism
A: retaliatory headbutt, horns 2
a: Heroism, Renounce Religion


You were on level 7 of the Dungeon.
You worshipped Okawaru.
Okawaru was pleased with you.
You were not hungry.

You visited 2 branches of the dungeon, and saw 8 of its levels.
You also visited: Sewer.

You collected 84 gold pieces.

Inventory:

Hand Weapons
 a - a +1 falchion (weapon)
Armour
 b - a +0 robe
 f - a +0 shield
 j - a +0 ring mail (worn)
Scrolls
 e - a scroll of immolation
 h - 2 scrolls of identify
Potions
 g - a potion of degeneration
 i - a potion of magic
 k - a potion of cure mutation
 l - a potion of brilliance {unknown}
Comestibles
 c - a bread ration


   Skills:
 + Level 4.4(9.4) Fighting
 * Level 5.7(10.7) Long Blades
 + Level 2.7(7.7) Armour
 + Level 4.2(9.2) Dodging
 - Level 1.5(6.5) Stealth
 + Level 1.1 Invocations


You had 4 spell levels left.
You didn't know any spells.

Dungeon Overview and Level Annotations

Branches:
Dungeon (7/15)             Temple (1/1) D:5

Altars:
Ashenzari
Gozag
Kikubaaqudgha
Makhleb
Nemelex Xobeh
Okawaru
Qazlal
Ru
Yredelemnul
Zin

Annotations:
D:7 Menkaure


Innate Abilities, Weirdness & Mutations

You reflexively headbutt those who attack you in melee.
You have a pair of horns on your head.


Message History

Menkaure barely misses you.
It was a potion of curing.
You feel better.
Menkaure points at you and mumbles some strange words.
Pain shoots through your body!
* * * LOW HITPOINT WARNING * * *
You hit Menkaure but do no damage.
Menkaure is moderately damaged.
Unknown command.
You hit Menkaure but do no damage.
Menkaure is moderately damaged.
Menkaure hits you but does no damage.
Unknown command.
You slash Menkaure!
You headbutt Menkaure, but do no damage.
Menkaure is severely damaged.
Unknown command.
You hit Menkaure but do no damage. Your headbutt misses Menkaure.
Menkaure is severely damaged.
Menkaure hits you!
You die...

#+####
#....#
#...$#
#.M..#
#.@..#
#....#
#....#
#.<..#
#....#
#....#
#....#
#....#
#....#


You could see Menkaure.

Vanquished Creatures
  A necrophage (D:6)
  A hound (D:4)
  A bullfrog skeleton (D:4)
  A worker ant (D:5)
  A hound zombie (D:5)
  2 adders
  A shadow imp (D:6)
  An ooze (D:5)
  A dart slug (D:3)
  4 leopard geckos
  4 giant cockroaches
  A hobgoblin (D:2)
  A bat (D:2)
  2 frilled lizards
  A leopard gecko zombie (D:6)
  A rat (D:2)
24 creatures vanquished.

Notes
Turn   | Place    | Note
-------+----------+-------------------------------------------
     0 | D:1      | 4thArraOfDagon the Minotaur Monk began the quest for the Orb.
     0 | D:1      | Reached XP level 1. HP: 19/19 MP: 0/0
    83 | D:2      | Reached XP level 2. HP: 17/27 MP: 1/1
   142 | D:2      | Reached skill level 4 in Long Blades
   166 | D:4      | Reached skill level 1 in Armour
   166 | D:4      | Reached XP level 3. HP: 19/33 MP: 2/2
   189 | D:4      | Reached XP level 4. HP: 20/40 MP: 3/3
   242 | D:5      | Entered Level 5 of the Dungeon
   280 | D:5      | Found a staircase to the Ecumenical Temple.
   289 | Temple   | Entered the Ecumenical Temple
   332 | Temple   | Became a worshipper of Warmaster Okawaru
   332 | Temple   | Reached * piety under Okawaru
   332 | Temple   | Reached ** piety under Okawaru
   365 | D:5      | Found a burning altar of Makhleb.
   375 | D:5      | Reached skill level 5 in Long Blades
   418 | D:6      | Noticed a necrophage
   431 | D:6      | Killed a necrophage
   431 | D:6      | Reached skill level 1 in Invocations
   431 | D:6      | Reached XP level 5. HP: 33/47 MP: 1/4
   454 | D:6      | Found a glowing drain.
   458 | Sewer    | Entered a sewer
   539 | D:7      | Noticed Menkaure
   557 | D:7      | Slain by Menkaure

Vault maps used:
D:1:      dpeg_arrival_fog
D:2:      uniq_crazy_yiuf_cottage
D:3:      uniq_jessica
D:4:      serial_shops, shop, uniq_grinder
D:5:      first_bread, bloody_makhleb, uniq_sigmund
D:6:      gup_sewer_entry_bowl, kennysheep_generic_room_3
D:7:      uniq_menkaure
Temple:   roderic_octagonal_lattice_temple
Sewer:    sewer_co_tree

Skill      XL: |  1  2  3  4 |
---------------+-------------+-----
Long Blades    | 4 5 |  5.7
Fighting       | 4 |  4.4
Armour         | 1 2 |  2.7
Dodging        | 4 |  4.2
Invocations    | 1 |  1.1
Stealth        | |  1.5

Action                   |  1- 3 |  4- 6 || total
-------------------------+-------+-------++-------
Melee: Falchion          |    29 |    63 ||    92
       Headbutt          |     5 |     8 ||    13
       Punch             |       |     1 ||     1
Invok: Heroism           |       |     2 ||     2
  Use: Scroll            |       |     4 ||     4
       Potion            |       |     3 ||     3
Armor: Robe              |     3 |       ||     3
       Ring mail         |       |    18 ||    18
Dodge: Dodged            |    17 |    38 ||    55
